 Dungeon Crawl Stone Soup version 0.22.1-1-ga44c0e56f4 (webtiles) character file.

68 JOKERXD40 the Chiller (level 3, -3/26 HPs)
             Began as a Demigod Ice Elementalist on Nov 10, 2018.
             Slain by a worker ant (5 damage)
             ... on level 2 of the Dungeon.
             The game lasted 00:06:49 (836 turns).

JOKERXD40 the Chiller (Demigod Ice Elementalist)     Turns: 836, Time: 00:06:50

Health: -3/26      AC:  5    Str: 11    XL:     3   Next: 73%
Magic:  0/9        EV: 11    Int: 21    God:
Gold:   75         SH:  0    Dex: 16    Spells: 5/6 levels left

rFire    . . .     SeeInvis .   i - +1 hand axe
rCold    . . .     Gourm    .   (no shield)
rNeg     . . .     Faith    .   k - +0 ring mail
rPois    .         Spirit   .   (no helmet)
rElec    .         Reflect  .   (no cloak)
rCorr    .         Harm     .   (no gloves)
MR       .....                  (no boots)
Stlth    +.........             (no amulet)
HPRegen  0.08/turn              (no ring)
MPRegen  0.11/turn              (no ring)

@: flying
A: high mp 1
a: no special abilities


You were on level 2 of the Dungeon.
You were not hungry.

You visited 1 branch of the dungeon, and saw 2 of its levels.

You collected 75 gold pieces.

Inventory:

Hand Weapons
 i - a +1 hand axe (weapon)
Armour
 k - a +0 ring mail (worn)
Scrolls
 g - 3 scrolls of remove curse
Potions
 f - a potion of agility {unknown}
 h - a potion of degeneration {unknown}
 j - a potion of might {unknown}
Comestibles
 c - 2 rations


   Skills:
 + Level 0.8 Armour
 + Level 2.1 Dodging
 + Level 1.8 Stealth
 + Level 2.3 Spellcasting
   Level 0.8 Conjurations
 + Level 3.6 Ice Magic


You had 5 spell levels left.
You knew the following spells:

 Your Spells              Type           Power        Failure   Level  Hunger
a - Freeze                Ice            ###.         8%          1    None

Your spell library contained the following spells:

 Spells                   Type           Power        Failure   Level  Hunger
 Throw Frost              Conj/Ice       ##....       21%         2    ##.....
 Ozocubu's Armour         Chrm/Ice       ##......     45%         3    ###....
 Throw Icicle             Conj/Ice       ##......     80%         4    ####...
 Summon Ice Beast         Ice/Summ       ##......     86%         4    ####...


Dungeon Overview and Level Annotations

Branches:
Dungeon (2/15)

Annotations:
D:2 Terence


Innate Abilities, Weirdness & Mutations

You have an increased reservoir of magic. (+10% MP)


Message History

You hit the worm. The worker ant barely misses you.
The jackal bites you but does no damage.
The adder bites you. Terence hits you with a flail.
* * * LOW HITPOINT WARNING * * *
The hobgoblin hits you but does no damage.
The worker ant barely misses you. The jackal closely misses you.
The adder closely misses you. Terence barely misses you.
Casting: Freeze (safe; 8% risk of failure)
Confirm with . or Enter, or press ? or * to list all spells.
Aiming: Freeze (safe; 8% risk of failure)
Press: ? - help, Shift-Dir - straight line, f - hobgoblin
Aim: a hobgoblin, wielding a club You freeze the hobgoblin.
The hobgoblin is moderately wounded.
The hobgoblin hits you with a club.
* * * LOW HITPOINT WARNING * * *
The jackal bites you.
* * * LOW HITPOINT WARNING * * *
The worker ant bites you.
You die...

..## #.......?..
..>.##.......... ....
##......%......# ....
..........$..... ...#..
...............
......###.......S.......
...#......# #.waS......
..##.....# #.g@@......
.........# ###..†h.....#
.........# #...#.......#
####.....###.######....#
##...............# .....
..........######........
#####....## #. ... #
#....# ... #....#


You could see Terence, a worm, a worker ant, 2 adders, a jackal and a hobgoblin.

Vanquished Creatures
  Jessica (D:2)
  An ooze (D:2)
  A worm (D:2)
  A dart slug (D:2)
  2 leopard geckos (D:1)
  3 giant cockroaches
  4 goblins
  5 hobgoblins (D:1)
  3 jackals
  2 frilled lizards
  2 kobolds (D:1)
  6 rats
31 creatures vanquished.

Notes
Turn   | Place    | Note
-------+----------+-------------------------------------------
     0 | D:1      | JOKERXD40 the Demigod Ice Elementalist began the quest for
                  | the Orb.
     0 | D:1      | Reached XP level 1. HP: 14/14 MP: 5/5
   213 | D:1      | Reached skill level 3 in Ice Magic
   216 | D:1      | Reached XP level 2. HP: 20/20 MP: 0/7
   804 | D:2      | Reached XP level 3. HP: 25/26 MP: 0/8
   816 | D:2      | Noticed Jessica
   821 | D:2      | Killed Jessica
   822 | D:2      | Noticed Terence
   836 | D:2      | Slain by a worker ant

Skill      XL: |  1  2 |
---------------+-------+-----
Ice Magic      | 3 |  3.6
Spellcasting   | 2 |  2.3
Dodging        | 2 |  2.1
Armour         | |  0.8
Stealth        | |  1.8
Conjurations   | |  0.8

Action                   || total
-------------------------++-------
Melee: Hand axe          ||    13
       Club              ||     4
 Cast: Freeze            ||    45
  Use: Scroll            ||     3
       Potion            ||     3
Armor: Leather armour    ||     7
       Ring mail         ||    27
Dodge: Dodged            ||    69
